 Dungeon Crawl Stone Soup version 0.21.0-25-ge575cb9ce8 (webtiles) character file.

296 GuyWithAPlan the Charmwright (level 6, -4/46 HPs)
             Began as a Barachi Skald on Jan 23, 2018.
             Slain by a scorpion (7 damage)
             ... on level 3 of the Dungeon.
             The game lasted 00:09:07 (4133 turns).

GuyWithAPlan the Charmwright (Barachi Skald)        Turns: 4133, Time: 00:09:08

Health: -4/46      AC: 10    Str: 10 (12) XL:     6   Next: 35%
Magic:  10/10      EV:  4    Int: 11 (14) God:
Gold:   144        SH:  0    Dex: 11 (13) Spells: 10/11 levels left

rFire    + + .     SeeInvis .   x - +0 falchion
rCold    x . .     Gourm    .   (no shield)
rNeg     . . .     Faith    .   u - +0 chain mail {rF+}
rPois    .         Spirit   .   q - +0 helmet
rElec    .         Reflect  .   (no cloak)
rCorr    .         Harm     .   k - +0 pair of gloves
MR       .....                  (no boots)
Stlth    ..........             (no amulet)
HPRegen  0.15/turn              y - ring of fire
MPRegen  0.12/turn              (no ring)

@: lethally poisoned (-4 -> -23), slow
A: +LOS, swims, slowness 1, strong legs 1
a: Hop


You were on level 3 of the Dungeon.
You were not hungry.

You visited 1 branch of the dungeon, and saw 4 of its levels.

You collected 144 gold pieces.

Inventory:

Hand Weapons
 a - a +0 falchion
 f - a +0 dagger of venom
 x - a +0 falchion (weapon)
Armour
 b - a +0 leather armour
 j - a +0 ring mail
 k - a +0 pair of gloves (worn)
 q - a +0 helmet (worn)
 u - a +0 chain mail of fire resistance (worn)
Magical Staves
 z - an uncursed staff of wizardry
Jewellery
 y - a ring of fire (left hand)
Scrolls
 e - a scroll of magic mapping {unknown}
 g - 2 scrolls of teleportation {unknown}
 h - 3 scrolls of remove curse {unknown}
 n - 2 scrolls of enchant weapon {unknown}
 r - 2 scrolls of identify {unknown}
 v - 3 scrolls of enchant armour {unknown}
Potions
 i - a potion of ambrosia {unknown}
 l - 3 potions of haste
 m - a potion of brilliance {unknown}
 o - a potion of heal wounds {unknown}
 p - a potion of berserk rage {unknown}
 s - a potion of degeneration
 t - 2 potions of cancellation
 w - a potion of mutation {unknown}
Books
 c - a book of Battle

   Spells                             Type                      Level
   a - Infusion                       Charms                       1
   b - Shroud of Golubria             Charms/Translocation         2
   c - Song of Slaying                Charms                       2
   d - Spectral Weapon                Hexes/Charms                 3
   e - Regeneration                   Charms/Necromancy            3
Comestibles
 d - 4 rations
 A - 3 chunks of flesh


   Skills:
 - Level 2.5 Fighting
 - Level 2.4 Long Blades
 - Level 1.2 Armour
 - Level 2.3 Dodging
 + Level 3.2 Spellcasting
 - Level 7.0 Charms


You had 10 spell levels left.
You knew the following spells:

 Your Spells              Type           Power        Failure   Level  Hunger
a - Infusion              Chrm           ###.         73%         1    #......


Dungeon Overview and Level Annotations

Branches:
Dungeon (4/15)
 Temple: D:4-7

Altars:
Ashenzari
Gozag
Qazlal
Trog
Uskayaw
Xom
Yredelemnul


Innate Abilities, Weirdness & Mutations

Shadows flee at your approach. (+LOS)
You can swim through water.
You cover ground slowly.
You can hop short distances.


Message History

You feel sick. The scorpion stings you.
You are lethally poisoned!
The scorpion poisons you!
You hit the scorpion.
The scorpion is heavily wounded.
You feel sick. The scorpion stings you.
* * * LOW HITPOINT WARNING * * *
Unknown command.
It was a potion of degeneration.
There was something very wrong with that liquid.
You feel weakened.
You feel dopey.
You feel clumsy.
* * * LOW HITPOINT WARNING * * *
You feel sick. The scorpion stings you.
* * * LOW HITPOINT WARNING * * *
You are more poisoned.
The scorpion poisons you!
It was a potion of cancellation.
You feel magically purged.
* * * LOW HITPOINT WARNING * * *
You feel sick. The scorpion stings you!
You die...

#......(..##...# #....
#.........###### #....
#.........###### #....
#..............# #....
#........(.....# #....
#...####.#.....# #....
#...# #[#(....# #....
#...# #)#(....########..
#...# #@+(....'.........
#...# #s#.รท...##########
#...# #.#.....##########
#...# #.#.....#.8.8.8.8.
########.......#8_.._.._8
#.........#.........
#.........#.........
#.........#8.......8
#.........#._.._....


You could see a scorpion.

Vanquished Creatures
  Jessica (D:3)
  Natasha (thrice) (D:2)
  9 adders
  2 worms
  4 dart slugs
  2 leopard geckos
  2 orcs
  6 giant cockroaches
  7 goblins
  15 hobgoblins
  14 jackals
  6 kobolds
  A quokka (D:2)
  3 ball pythons
  9 bats
  2 frilled lizards
  10 rats
96 creatures vanquished.

Notes
Turn   | Place    | Note
-------+----------+-------------------------------------------
     0 | D:1      | GuyWithAPlan the Barachi Skald began the quest for the Orb.
     0 | D:1      | Reached XP level 1. HP: 17/17 MP: 3/3
   236 | D:1      | Reached XP level 2. HP: 23/23 MP: 1/5
   847 | D:1      | Reached skill level 4 in Charms
   946 | D:1      | Reached XP level 3. HP: 23/28 MP: 2/6
  1520 | D:2      | Reached skill level 5 in Charms
  1555 | D:2      | Found a shattered altar of Ashenzari.
  1582 | D:2      | Reached XP level 4. HP: 34/34 MP: 3/7
  1681 | D:2      | Found an opulent altar of Gozag.
  1965 | D:2      | Reached XP level 5. HP: 34/39 MP: 1/8
  2134 | D:2      | Reached skill level 6 in Charms
  2314 | D:2      | Noticed Natasha
  2335 | D:2      | Killed Natasha
  2612 | D:2      | Noticed Natasha
  2625 | D:2      | Killed Natasha
  2784 | D:2      | Noticed Natasha
  2794 | D:2      | Killed Natasha
  3219 | D:3      | Found a bloodstained altar of Trog.
  3257 | D:3      | Reached XP level 6. HP: 27/46 MP: 9/9
  3262 | D:3      | Reached skill level 7 in Charms
  3738 | D:3      | Noticed Jessica
  3745 | D:3      | Killed Jessica
  3866 | D:3      | Found a hide-covered altar of Uskayaw.
  3868 | D:3      | Found an ancient bone altar of Kikubaaqudgha.
  3868 | D:3      | Found a shimmering altar of Xom.
  3940 | D:3      | Found a basalt altar of Yredelemnul.
  3940 | D:3      | Found a bloodstained altar of Trog.
  3940 | D:3      | Found a stormy altar of Qazlal.
  4133 | D:3      | Slain by a scorpion

Skill      XL: |  1  2  3  4  5  6 |
---------------+-------------------+-----
Charms         | 4 5 6 7 |  7.0
Spellcasting   | 3 |  3.2
Fighting       | |  2.5
Long Blades    | |  2.4
Armour         | |  1.2
Dodging        | |  2.3

Action                   |  1- 3 |  4- 6 || total
-------------------------+-------+-------++-------
Melee: Falchion          |    93 |   276 ||   369
       Dagger            |    16 |       ||    16
 Cast: Infusion          |    16 |    12 ||    28
  Use: Potion            |       |     2 ||     2
  Eat: Chunk             |     3 |    10 ||    13
Armor: Leather armour    |    20 |       ||    20
       Ring mail         |    36 |    28 ||    64
       Chain mail        |       |   171 ||   171
Dodge: Dodged            |    81 |   124 ||   205
       Rpst.: Falchion   |    27 |    38 ||    65
